BSA
KENILWORTH ACES @ NEW YORK KNIGHTS
08/02/2029
 
TOP OF THE 1ST
Kenilworth Aces batting - Pitching for New York Knights : LHP Phil Davis
Pitching: LHP Phil Davis
Batting: LHB Roy Patrick 0-0: Ball
1-0: SOLO HOME RUN (Flyball, 9LD), Distance : 329 ft
Batting: LHB Roger Moore 0-0: Foul Ball, location: 2F
0-1: Fly out, F9 (Line Drive, 9)
Batting: LHB Barrett Waters 0-0: Foul Ball, location: 2F
0-1: Ball
1-1: Ball
2-1: Ground out 6-3 (Groundball, 6MS)
Batting: RHB Jorge Jiménez 0-0: Swinging Strike
0-1: SINGLE (Groundball, 6MD)
Batting: LHB Roberto García 0-0: Called Strike
Jorge Jiménez steals 2nd base
0-1: Ball
1-1: Foul Ball, location: 2F
1-2: Ground out 6-3 (Groundball, 6)
Top of the 1st over - 1 run, 2 hits, 0 errors, 1 left on base; Kenilworth 1 - New York 0
BOTTOM OF THE 1ST
New York Knights batting - Pitching for Kenilworth Aces : RHP Walt Burton
Pitching: RHP Walt Burton
Batting: LHB Mike Harris 0-0: Ball
1-0: Swinging Strike
1-1: Swinging Strike
1-2: Strikes out looking
Batting: RHB Pepe Carrasco 0-0: Ball
1-0: SINGLE (Groundball, 3D)
Batting: SHB Marvin Harris 0-0: Fly out, F9 (Flyball, 89S)
Batting: RHB Vic Langlois 0-0: Called Strike
0-1: Swinging Strike
0-2: Ball
1-2: Ball
2-2: Ball
3-2: Strikes out swinging
Bottom of the 1st over - 0 runs, 1 hit, 0 errors, 1 left on base; Kenilworth 1 - New York 0
TOP OF THE 2ND
Kenilworth Aces batting - Pitching for New York Knights : LHP Phil Davis
Batting: RHB Andrés Lara 0-0: Fly out, F3 (Popup, 3SF)
Batting: LHB Jim Jensen 0-0: Ball
1-0: Ball
2-0: Called Strike
2-1: Foul Ball, location: 2F
2-2: Ball
3-2: SINGLE (Groundball, 34D)
Batting: RHB Hollis Wood 0-0: Fly out, F9 (Flyball, 9LMF)
Batting: RHB Taylor McFarland 0-0: Swinging Strike
0-1: Ball
1-1: Swinging Strike
1-2: Ball
2-2: SINGLE (Groundball, 4M) (infield hit)
Jim Jensen to second
Batting: LHB Roy Patrick 0-0: Foul Ball, location: 2F
0-1: Hit by Pitch
Jim Jensen to third
Taylor McFarland to second
Pinch Runner at 1st António Gonzáles:
Batting: LHB Roger Moore 0-0: Fly out, F9 (Flyball, 9LD)
Top of the 2nd over - 0 runs, 2 hits, 0 errors, 3 left on base; Kenilworth 1 - New York 0
BOTTOM OF THE 2ND
New York Knights batting - Pitching for Kenilworth Aces : RHP Walt Burton
Batting: LHB Warren Potter 0-0: Ground out U3 (Groundball, 3)
Batting: RHB Steve Sampson 0-0: Ball
1-0: Fly out, F9 (Flyball, 89S)
Batting: LHB Dan Hamilton 0-0: Ball
1-0: Foul Ball, location: 2F
1-1: Called Strike
1-2: Foul Ball, location: 2F
1-2: Ball
2-2: Foul Ball, location: 2F
2-2: SINGLE (Line Drive, 9S)
Batting: LHB Jerry Johnston 0-0: Swinging Strike
0-1: Fly out, F8 (Flyball, 8RM)
Bottom of the 2nd over - 0 runs, 1 hit, 0 errors, 1 left on base; Kenilworth 1 - New York 0
TOP OF THE 3RD
Kenilworth Aces batting - Pitching for New York Knights : LHP Phil Davis
Batting: LHB Barrett Waters 0-0: Called Strike
0-1: Fly out, F8 (Flyball, 8LM)
Batting: RHB Jorge Jiménez 0-0: Called Strike
0-1: Ground out 4-3 (Groundball, 34)
Batting: LHB Roberto García 0-0: Ball
1-0: Called Strike
1-1: Foul Ball, location: 2F
1-2: SINGLE (Groundball, 4D)
Batting: RHB Andrés Lara 0-0: Ball
1-0: Ball
2-0: Foul Ball, location: 2F
2-1: SINGLE (Line Drive, 6D)
Roberto García to second
Batting: LHB Jim Jensen 0-0: Foul Ball, location: 2F
0-1: Ball
1-1: Ball
2-1: SINGLE (Line Drive, 6)
Roberto García to third
Andrés Lara to second
Runner from 3rd tries for Home, SAFE, no throw
Batting: RHB Hollis Wood 0-0: Called Strike
0-1: Ball
1-1: Ball
2-1: Foul Ball, location: 2F
2-2: Ground out U3 (Groundball, 34)
Top of the 3rd over - 1 run, 3 hits, 0 errors, 2 left on base; Kenilworth 2 - New York 0
BOTTOM OF THE 3RD
New York Knights batting - Pitching for Kenilworth Aces : RHP Walt Burton
Batting: LHB Keith Green 0-0: Called Strike
0-1: Foul Ball, location: 2F
0-2: Ball
1-2: Ground out 1-3 (Groundball, 13S)
Batting: LHB Mike Harris 0-0: Ball
1-0: Called Strike
1-1: Ball
2-1: Ground out 3-1 (Groundball, 34)
Batting: RHB Pepe Carrasco 0-0: Ground out 4-3 (Groundball, 4)
Bottom of the 3rd over - 0 runs, 0 hits, 0 errors, 0 left on base; Kenilworth 2 - New York 0
TOP OF THE 4TH
Kenilworth Aces batting - Pitching for New York Knights : LHP Phil Davis
Batting: RHB Taylor McFarland 0-0: Called Strike
0-1: Ball
1-1: Foul Ball, location: 2F
1-2: Ball
2-2: DOUBLE (Line Drive, 9LM)
Batting: RHB António Gonzáles 0-0: SINGLE (Groundball, 6D)
Taylor McFarland to third
Batting: LHB Roger Moore 0-0: Called Strike
0-1: Swinging Strike
0-2: Fly out, F9 (Flyball, 89D)
Runner from 3rd tags up, SCORES, throw made
Batting: LHB Barrett Waters 0-0: Fly out, F5 (Popup, 5)
Batting: RHB Jorge Jiménez 0-0: Swinging Strike
0-1: Ball
1-1: Called Strike
1-2: Ball
2-2: Ball
3-2: Strikes out swinging, 2-3 out at first.
Top of the 4th over - 1 run, 2 hits, 0 errors, 1 left on base; Kenilworth 3 - New York 0
BOTTOM OF THE 4TH
New York Knights batting - Pitching for Kenilworth Aces : RHP Walt Burton
Batting: SHB Marvin Harris 0-0: Called Strike
0-1: Fly out, F9 (Flyball, 9LM)
Batting: RHB Vic Langlois 0-0: SINGLE (Groundball, 4D)
Batting: LHB Warren Potter 0-0: Ball
1-0: Ball
2-0: Ground out 4-3 (Groundball, 34D)
Vic Langlois to second
Batting: RHB Steve Sampson 0-0: Ball
1-0: Swinging Strike
1-1: Ball
2-1: Foul Ball, location: 2F
2-2: Foul Ball, location: 2F
2-2: Strikes out swinging
Bottom of the 4th over - 0 runs, 1 hit, 0 errors, 1 left on base; Kenilworth 3 - New York 0
TOP OF THE 5TH
Kenilworth Aces batting - Pitching for New York Knights : LHP Phil Davis
Batting: LHB Roberto García 0-0: Ball
1-0: Foul Ball, location: 2F
1-1: Foul Ball, location: 2F
1-2: Ball
2-2: Ground out U3 (Groundball, 3)
Batting: RHB Andrés Lara 0-0: Ball
1-0: SINGLE (Line Drive, 6D)
Batting: LHB Jim Jensen 0-0: Ball
1-0: Grounds into double play, 6-4-3 (Groundball, 56)
Top of the 5th over - 0 runs, 1 hit, 0 errors, 0 left on base; Kenilworth 3 - New York 0
BOTTOM OF THE 5TH
New York Knights batting - Pitching for Kenilworth Aces : RHP Walt Burton
Batting: LHB Dan Hamilton 0-0: Ball
1-0: Called Strike
1-1: Swinging Strike
1-2: Ball
2-2: Ball
3-2: Foul Ball, location: 2F
3-2: Base on Balls
Batting: LHB Jerry Johnston 0-0: Ball
Dan Hamilton steals 2nd base
1-0: Ball
2-0: Ground out U3 (Groundball, 3)
Dan Hamilton to third
Batting: LHB Keith Green 0-0: Ball
1-0: Fly out, F9 (Flyball, 9LD)
Runner from 3rd tags up, SCORES, throw made
Batting: LHB Mike Harris 0-0: Ball
1-0: Foul Ball, location: 2F
1-1: Foul Ball, location: 2F
1-2: Foul Ball, location: 2F
1-2: Strikes out looking
Bottom of the 5th over - 1 run, 0 hits, 0 errors, 0 left on base; Kenilworth 3 - New York 1
TOP OF THE 6TH
Kenilworth Aces batting - Pitching for New York Knights : LHP Phil Davis
Batting: RHB Hollis Wood 0-0: Ball
1-0: Ball
2-0: Ball
3-0: Called Strike
3-1: Base on Balls
Pitching: RHP James Jones
Batting: RHB Taylor McFarland 0-0: Called Strike
0-1: SINGLE (Line Drive, 6M)
Hollis Wood to second
Batting: RHB António Gonzáles 0-0: Called Strike
0-1: Ball
1-1: SINGLE (Groundball, 56D)
Hollis Wood to third
Taylor McFarland to second
Batting: LHB Roger Moore 0-0: Called Strike
0-1: Foul Ball, location: 2F
0-2: Hit by Pitch
Hollis Wood scores
Taylor McFarland to third
António Gonzáles to second
Batting: LHB Barrett Waters 0-0: Foul Ball, location: 2F
0-1: Called Strike
0-2: Fly out, F8 (Flyball, 8RS)
Runner from 3rd tags up, SCORES, no throw
Batting: RHB Jorge Jiménez 0-0: Ball
1-0: Fly out, F3 (Line Drive, 3)
Batting: LHB Roberto García 0-0: Foul Ball, location: 2F
0-1: Ball
1-1: Foul Ball, location: 2F
1-2: DOUBLE (Line Drive, 9D)
António Gonzáles scores
Roger Moore to third
Batting: RHB Andrés Lara 0-0: Fly out, F7 (Line Drive, 7D)
Top of the 6th over - 3 runs, 3 hits, 0 errors, 2 left on base; Kenilworth 6 - New York 1
BOTTOM OF THE 6TH
New York Knights batting - Pitching for Kenilworth Aces : RHP Walt Burton
Batting: RHB Pepe Carrasco 0-0: Ball
1-0: Called Strike
1-1: Foul Ball, location: 2F
1-2: Ground out 3-1 (Groundball, 34)
Batting: SHB Marvin Harris 0-0: Ball
1-0: Ball
2-0: Foul Ball, location: 2F
2-1: Ground out 4-3 (Groundball, 4)
Batting: RHB Vic Langlois 0-0: Ground out 4-3 (Groundball, 34)
Bottom of the 6th over - 0 runs, 0 hits, 0 errors, 0 left on base; Kenilworth 6 - New York 1
TOP OF THE 7TH
Kenilworth Aces batting - Pitching for New York Knights : RHP James Jones
Batting: LHB Jim Jensen 0-0: Ball
1-0: Called Strike
1-1: Ball
2-1: Ground out 6-3 (Groundball, 6)
Batting: RHB Hollis Wood 0-0: Ball
1-0: Called Strike
1-1: Foul Ball, location: 2F
1-2: SINGLE (Line Drive, 4MD)
Batting: RHB Taylor McFarland 0-0: Called Strike
0-1: Called Strike
0-2: Grounds into double play, 4-6-3 (Groundball, 4)
Top of the 7th over - 0 runs, 1 hit, 0 errors, 0 left on base; Kenilworth 6 - New York 1
BOTTOM OF THE 7TH
New York Knights batting - Pitching for Kenilworth Aces : RHP Walt Burton
Batting: LHB Warren Potter 0-0: Ball
1-0: Foul Ball, location: 2F
1-1: Ball
2-1: Foul Ball, location: 2F
2-2: Foul Ball, location: 2F
2-2: Ball
3-2: Foul Ball, location: 2F
3-2: Base on Balls
Batting: RHB Steve Sampson 0-0: Swinging Strike
0-1: Ball
1-1: Swinging Strike
1-2: Fly out, F8 (Flyball, 8RM)
Batting: LHB Dan Hamilton 0-0: TRIPLE (Flyball, 7D)
Warren Potter scores
Batting: LHB Jerry Johnston 0-0: Fly out, F7 (Line Drive, 7)
Runner from 3rd tags up, SCORES, throw made
Now in LF: Wilbert Rodgers
Batting: LHB Keith Green 0-0: Called Strike
0-1: Ball
1-1: Foul Ball, location: 2F
1-2: Ground out U3 (Groundball, 3L)
Bottom of the 7th over - 2 runs, 1 hit, 0 errors, 0 left on base; Kenilworth 6 - New York 3
TOP OF THE 8TH
Kenilworth Aces batting - Pitching for New York Knights : RHP James Jones
Pitching: LHP Juan Ortíz
Batting: RHB António Gonzáles 0-0: Ball
1-0: Ball
2-0: Ball
3-0: Called Strike
3-1: SINGLE (Groundball, 6MD)
Batting: RHB Wilbert Rodgers 0-0: Ball
1-0: Ground out 6-3 (Groundball, 6S)
António Gonzáles to second
Batting: LHB Barrett Waters 0-0: Foul Ball, location: 2F
0-1: SINGLE (Groundball, 4M) (infield hit)
António Gonzáles to third
Batting: RHB Jorge Jiménez 0-0: Ball
Passed Ball!
António Gonzáles scores
Barrett Waters to second
1-0: Intentional Walk
Batting: LHB Roberto García 0-0: Ball
1-0: Foul Ball, location: 2F
1-1: Fielders Choice at 2nd, 1-6 (Groundball, 13)
Barrett Waters to third
Batting: RHB Andrés Lara 0-0: Ball
1-0: Ball
2-0: Called Strike
2-1: SINGLE (Line Drive, 4D)
Barrett Waters scores
Roberto García to second
Batting: LHB Jim Jensen 0-0: Called Strike
0-1: Ball
1-1: Fly out, F9 (Flyball, 89D)
Top of the 8th over - 2 runs, 3 hits, 0 errors, 2 left on base; Kenilworth 8 - New York 3
BOTTOM OF THE 8TH
New York Knights batting - Pitching for Kenilworth Aces : RHP Walt Burton
Batting: LHB Mike Harris 0-0: Ball
1-0: DOUBLE (Line Drive, 89D)
Batting: RHB Pepe Carrasco 0-0: SINGLE (Line Drive, 7LS)
Mike Harris to third
Runner from 3rd tries for Home, SAFE, no throw
Batting: SHB Marvin Harris 0-0: Ground out 4-3 (Groundball, 4S)
Pepe Carrasco to second
Batting: RHB Vic Langlois 0-0: Ball
1-0: Called Strike
1-1: Swinging Strike
1-2: Ground out 5-3 (Groundball, 56)
Batting: LHB Warren Potter 0-0: Called Strike
0-1: Called Strike
0-2: SINGLE (Groundball, 6) (infield hit)
Pepe Carrasco to third
Batting: RHB Steve Sampson 0-0: Ball
1-0: Ball
2-0: Called Strike
2-1: Fly out, F3 (Popup, 23)
Bottom of the 8th over - 1 run, 3 hits, 0 errors, 2 left on base; Kenilworth 8 - New York 4
TOP OF THE 9TH
Kenilworth Aces batting - Pitching for New York Knights : LHP Juan Ortíz
Pitching: RHP Paco Ruíz
Batting: RHB Hollis Wood 0-0: Called Strike
0-1: Ground out 4-3 (Groundball, 34)
Batting: RHB Taylor McFarland 0-0: Ground out 6-3 (Groundball, 6S)
Batting: RHB António Gonzáles 0-0: Called Strike
0-1: Called Strike
0-2: Foul Ball, location: 2F
0-2: Strikes out swinging
Top of the 9th over - 0 runs, 0 hits, 0 errors, 0 left on base; Kenilworth 8 - New York 4
BOTTOM OF THE 9TH
New York Knights batting - Pitching for Kenilworth Aces : RHP Walt Burton
Batting: LHB Dan Hamilton 0-0: Fly out, F3 (Popup, 3SF)
Batting: LHB Jerry Johnston 0-0: Called Strike
0-1: Ball
1-1: Foul Ball, location: 2F
1-2: Fly out, F9 (Line Drive, 9D)
Batting: LHB Keith Green 0-0: Called Strike
0-1: Foul Ball, location: 2F
0-2: Ball
1-2: Foul Ball, location: 2F
1-2: Foul Ball, location: 2F
1-2: Foul Ball, location: 2F
1-2: Strikes out looking
Bottom of the 9th over - 0 runs, 0 hits, 0 errors, 0 left on base; Kenilworth 8 - New York 4
Saturday, December 16th, 2017 - OOTP Baseball 18.8 Build 76